 Dungeon Crawl Stone Soup version 0.27-a0-1513-g2aaa0cc67b (webtiles) character file.

Game seed: 915000958897272085

30542 quinnr the Stormcaller (level 13, -2/74 HPs)
             Began as a Tengu Air Elementalist on July 9, 2021.
             Was an Elder of Vehumet.
             Slain by a black mamba (10 damage)
             ... on level 6 of the Lair of Beasts.
             The game lasted 00:59:21 (26615 turns).

quinnr the Stormcaller (Tengu Air Elementalist)    Turns: 26615, Time: 00:59:21

Health: -2/74      AC:  6    Str:  9    XL:     13   Next: 52%
Magic:  5/28       EV: 21    Int: 24    God:    Vehumet [****..]
Gold:   260        SH:  0    Dex: 16    Spells: 15/32 levels left

rFire    . . .     SeeInvis .   K - +0 dagger (protect)
rCold    + . .     Faith    .   (no shield)
rNeg     + . .     Spirit   .   a - +0 robe
rPois    +         Reflect  .   (helmet restricted)
rElec    .         Harm     .   L - +2 ratskin cloak {*Rats rPois rN+ Str-1 Int-1 Dex+1}
rCorr    .         Rampage  .   C - +0 pair of gloves
Will     .....                  (boots unavailable)
Stlth    ++........             (no amulet)
HPRegen  0.22/turn              f - ring of protection from cold
MPRegen  0.21/turn              Q - +6 ring of intelligence

@: flying quickly and evasively, quick
A: beak, talons 3, nimble flight
a: Renounce Religion


You were on level 6 of the Lair of Beasts.
You worshipped Vehumet.
Vehumet was greatly pleased with you.
You visited 4 branches of the dungeon, and saw 18 of its levels.

You collected 799 gold pieces.
You spent 539 gold pieces at shops.

Inventory:

Hand Weapons
 l - a +0 rapier
 n - a +2 hand axe of freezing
 K - a +0 dagger of protection (weapon)
 M - a +1 dagger of speed
 S - a +2 vampiric dagger
Missiles
 x - 45 poisoned darts
 I - 4 curare-tipped darts
Armour
 a - a +0 robe (worn)
 u - a +0 cloak
 C - a +0 pair of gloves (worn)
 G - a scarf of invisibility
 L - the +2 ratskin cloak (worn) {*Rats rPois rN+ Str-1 Int-1 Dex+1}
   (You bought it in a shop on level 3 of the Dungeon)

   Str:       It affects your strength (-1).
   Int:       It affects your intelligence (-1).
   Dex:       It affects your dexterity (+1).
   rPois:     It protects you from poison.
   rN:        It protects you from negative energy.
 N - the +5 robe of Night {Dark Will+ SInv}
   (You found it on level 10 of the Dungeon)

   SInv:      It lets you see invisible.
   Will:      It increases your willpower.
Magical Staves
 P - a staff of poison
Jewellery
 f - a ring of protection from cold (left hand)
 p - an amulet of guardian spirit
 Q - a +6 ring of intelligence (right hand)
Wands
 r - a wand of iceblast (26)
 t - a wand of charming (7)
Scrolls
 b - 2 scrolls of vulnerability {unknown}
 d - a scroll of torment {unknown}
 g - a scroll of magic mapping
 h - 2 scrolls of teleportation
 j - a scroll of holy word
 o - 2 scrolls of enchant weapon
 q - 3 scrolls of amnesia {unknown}
 s - a scroll of brand weapon {unknown}
 w - 2 scrolls of fear {unknown}
 y - 3 scrolls of fog {unknown}
 z - 3 scrolls of acquirement {unknown}
 F - a scroll of immolation {unknown}
 J - a scroll of silence {unknown}
Potions
 c - a potion of mutation
 e - 4 potions of might
 i - 2 potions of magic
 k - 2 potions of attraction {unknown}
 v - 3 potions of lignification {unknown}
 A - 2 potions of cancellation {unknown}
 B - 3 potions of haste
 D - a potion of brilliance
 E - a potion of resistance
 H - 4 potions of curing
 O - 2 potions of flight
 R - a potion of berserk rage {unknown}


   Skills:
 - Level 6.0 Fighting
 - Level 10.0 Dodging
 - Level 2.0 Stealth
 - Level 10.0 Spellcasting
 + Level 10.7 Conjurations
 - Level 4.0 Ice Magic
 - Level 17.1 Air Magic
 - Level 4.0 Poison Magic


You had 15 spell levels left.
You knew the following spells:

 Your Spells              Type           Power      Damage    Failure   Level
a - Shock                 Conj/Air       100%       1d9       0%          1
b - Airstrike             Air            38%        N/A       1%          4
c - Freezing Cloud        Conj/Ice/Air   29%        6-21      1%          5
d - Poisonous Vapours     Pois/Air       100%       N/A       1%          2
e - Lightning Bolt        Conj/Air       34%        1d51      1%          5

Your spell library contained the following spells:

 Spells                   Type           Power      Damage    Failure   Level
 Swiftness                Air            76%        N/A       0%          3
 Static Discharge         Conj/Air       68%        N/A       1%          2
 Stone Arrow              Conj/Erth      74%        3d11      1%          3
 Fulminant Prism          Conj/Hex       18%        3d11      1%          4
 Iskenderun's Mystic Bla  Conj/Tloc      37%        2d9       1%          4
 Silence                  Hex/Air        26%        N/A       4%          5
 Lee's Rapid Deconstruct  Erth           6%         3d7*      34%         5
 Animate Armour           Summ/Erth      24%        N/A       45%         4
 Passage of Golubria      Tloc           N/A        N/A       45%         4
 Simulacrum               Ice/Necr       10%        N/A       98%         6
 Lehudib's Crystal Spear  Conj/Erth      18%        10d6      100%        8
 Polar Vortex             Ice            15%        N/A       100%        9


Dungeon Overview and Level Annotations

Branches:
Dungeon (11/15)            Temple (1/1) D:7            Lair (4/6) D:10
 Spider (0/4) Lair:2        Slime (0/5) Lair:6          Orc (1/2) D:9
  Swamp: Lair:2-4    Shoals: Lair:2-4

Altars:
Ashenzari
Cheibriados
Dithmenos
Elyvilon
Fedhas
Gozag
Hepliaklqana
Kikubaaqudgha
Makhleb
Nemelex Xobeh
Okawaru
Qazlal
Ru
Sif Muna
Trog
Uskayaw
Vehumet
Wu Jian
Xom
Yredelemnul
Zin
The Shining One
Beogh

Shops:
D:3 =[*:   D:6 [[(   D:9 ?([?[

Annotations:
D:8 3 runed translucent doors, indyram44's ghost, novice GnIE
D:11 2 transporters, 3 runed translucent doors, Phlounder's ghost, adept DjTm


Innate Abilities, Weirdness & Mutations

You have a beak for a mouth.
You have claws for feet.
Your magical nature lets you fly swiftly and evasively.


Message History

The komodo dragon is severely wounded.
The komodo dragon bites you!!
* * * LOW HITPOINT WARNING * * *
Unknown command.
Found 4 large rocks.
A polar bear comes into view.
The polar bear growls angrily.
You hear a bellow! x3
A black mamba comes into view.
The black mamba moves out of view.
The black mamba hisses angrily.
The komodo dragon bites you!!
* * * LOW HITPOINT WARNING * * *
You feel much better. The komodo dragon barely misses you.
The polar bear barely misses you. The polar bear completely misses you.
The polar bear claws you but does no damage.
Unknown command.
A yak comes into view.
A hell hound and 2 yaks come into view.
The hell hound barks!
The yak bellows!
You hear a bellow! x3
The black mamba bites you!
* * * LOW HITPOINT WARNING * * *
The yak moves out of view.
Unknown command.
Okay, then.
Okay, then.
Okay, then.
You feel much better. The black mamba misses you.
A yak comes into view. x3
The komodo dragon bites you!
* * * LOW HITPOINT WARNING * * *
The black mamba bites you.
* * * LOW HITPOINT WARNING * * *
Unknown command.
A yak comes into view.
The yak bellows! x2; You hear a bellow! x2
A yak comes into view.
The hell hound misses you. The black mamba completely misses you.
The hell hound completely misses you. The hell hound barely misses you.
The black mamba bites you!
You die...

..##P.###.#.##.#
.................
.................Y.. ###
#................Y..
##.###.............Y....#
#..#.#............YYY...##
#................Y...Y....
...#............@h.......P
...#.#..........S......P.#
#.##...........h.l....(.#
...#P..................P#.
...............?..........
......#######.............
.h##### ##............ ###
## # ##........... ###8#8#
##..........


You could see a polar bear, a komodo dragon, a black mamba, 8 yaks and a hell
hound.

Vanquished Creatures
  Snorg (Lair:3)
  4 hydras
  2 two-headed ogres
  Sonja (Lair:3)
  Nergalle (Lair:3)
  Pikel (D:7)
  A cyclops (D:11)
  5 elephants (Lair:3)
  3 black mambas
  Maurice (D:10)
  An unseen horror (D:11)
  4 cane toads
  3 rime drakes
  7 komodo dragons
  A kobold demonologist (D:10)
  5 jumping spiders
  A polar bear (Lair:3)
  A hornet (D:8)
  8 blink frogs
  3 dream sheep (D:10)
  4 slime creatures (D:11)
  3 shadows
  3 redbacks (Lair:2)
  21 yaks
  2 basilisks
  A wraith (D:11)
  2 wyverns
  2 vampire mosquitoes (D:11)
  A hell hound (Lair:6)
  13 water moccasins
  An ice beast (D:6)
  2 sky beasts
  2 orc warriors
  An ogre (Orc:1)
  16 wolves
  2 phantoms
  5 kobold brigands
  A lemure (D:7)
  9 bullfrogs
  2 scorpions
  A water moccasin zombie (D:5)
  2 troll zombies (D:9)
  3 killer bees (D:7)
  5 wights (D:6)
  3 howler monkeys
  2 centaur zombies (D:10)
  2 jellies
  A lava snake (Lair:6)
  A hound (D:5)
  2 bullfrog skeletons
  9 orc priests
  An iguana (D:5)
  A gnoll shaman (D:5)
  11 orc wizards
  Natasha (thrice) (D:3)
  10 hell rats
  6 ogre zombies (D:9)
  A hound zombie (D:5)
  Robin (D:3)
  5 adders
  3 gnolls (D:5)
  A shadow imp (D:7)
  An ufetubus (D:5)
  2 worms (D:2)
  A dart slug (D:5)
  27 orcs
  5 ball pythons
  3 endoplasms
  8 giant cockroaches
  9 goblins
  8 hobgoblins
  21 kobolds
  5 quokkas
  7 bats
  3 frilled lizards
  A goblin skeleton (D:9)
  5 goblin zombies (D:9)
  A hobgoblin skeleton (D:9)
  A hobgoblin zombie (D:9)
  2 orc skeletons (D:9)
  14 orc zombies (D:9)
  7 rats
352 creatures vanquished.

Vanquished Creatures (collateral kills)
  2 slime creatures (D:11)
  A yak (Lair:2)
  A basilisk (Lair:1)
  2 orc wizards
  A kobold (D:10)
7 creatures vanquished.

Vanquished Creatures (others)
  A bush (Lair:2)
  27 fungi
  35 plants
63 creatures vanquished.

Grand Total: 422 creatures vanquished

Notes
Turn   | Place    | Note
-------+----------+-------------------------------------------
     0 | D:1      | quinnr the Tengu Air Elementalist began the quest for the
                  | Orb.
     0 | D:1      | Reached XP level 1. HP: 10/10 MP: 4/4
   347 | D:1      | Reached XP level 2. HP: 14/15 MP: 0/6
   570 | D:1      | Reached skill level 5 in Air Magic
  1025 | D:1      | Reached XP level 3. HP: 19/19 MP: 2/7
  1159 | D:2      | Found a shimmering blue altar of Sif Muna.
  1597 | D:2      | Reached skill level 6 in Air Magic
  1935 | D:2      | Reached XP level 4. HP: 24/24 MP: 5/8
  2239 | D:3      | Found a faded altar of an unknown god.
  2258 | D:3      | Found Loor's General Store.
  2275 | D:3      | Bought a potion of heal wounds for 65 gold pieces
  2302 | D:3      | Found Holaza's Book Shop.
  2416 | D:3      | Found Xannocesk's Antique Armour Boutique.
  2659 | D:2      | Reached skill level 7 in Air Magic
  2659 | D:2      | Gained mutation: Your magical nature lets you fly swiftly
                  | and evasively. [Tengu growth]
  2659 | D:2      | Reached XP level 5. HP: 28/28 MP: 2/9
  2822 | D:3      | quinnr: ??rats
  2822 | D:3      | beem: I don't have a page labeled rats in my learndb. Did
                  | you mean: *rats, +rats, kats, rat, kat.
  2822 | D:3      | quinnr: ??ratskin
  2822 | D:3      | beem: ratskin cloak[1/3]: 2 unrandart cloak with *Rats
                  | rPois rN+ Str-1 Int-1 Dex+1. *Rats summons rats when the
                  | wearer is hit!
  2822 | D:3      | quinnr: ??ratskin[2
  2822 | D:3      | beem: *Rats[1/1]: Summons 1-2 rats, each with 50% chance of
                  | being a River or Hell Rat. Chance for summon is damage /
                  | max_hp, with damage capped at 50% of max_hp / 2. So the
                  | chance scales linearly with damage done up to 50% when
                  | damage is 50% of max HP or more.
  2822 | D:3      | quinnr: ??ratskin[3
  2822 | D:3      | beem: ratskin cloak[3/3]: Prior to 0.26, it had evocable
                  | {+Rats} instead of *Rats.
  2960 | D:3      | Noticed Natasha
  2966 | D:3      | Killed Natasha
  3102 | D:3      | Noticed Robin
  3195 | D:3      | Killed Robin
  3443 | D:3      | Found Qybluatihau's Jewellery Shoppe.
  3471 | D:3      | Noticed Natasha
  3476 | D:3      | Killed Natasha
  3477 | D:3      | Reached skill level 8 in Air Magic
  3477 | D:3      | Reached XP level 6. HP: 24/32 MP: 6/11
  3560 | D:3      | Noticed Natasha
  3565 | D:3      | Killed Natasha
  3651 | D:4      | Found a stormy altar of Qazlal.
  3930 | D:4      | Found a bloodstained altar of Trog.
  4108 | D:4      | Found a burning altar of Makhleb.
  4563 | D:4      | Learned a level 4 spell: Airstrike
  4624 | D:4      | Reached skill level 9 in Air Magic
  4714 | D:4      | Found an ornate altar of the Wu Jian Council.
  4840 | D:5      | Entered Level 5 of the Dungeon
  4953 | D:5      | Reached XP level 7. HP: 36/36 MP: 3/12
  5673 | D:5      | Reached skill level 10 in Air Magic
  6043 | D:5      | Found a glowing golden altar of the Shining One.
  6765 | D:6      | Reached skill level 11 in Air Magic
  6864 | D:6      | Found an iron altar of Okawaru.
  6970 | D:6      | Reached skill level 1 in Fighting
  6975 | D:6      | Reached XP level 8. HP: 23/43 MP: 1/14
  7198 | D:6      | Found Tivon's Antique Armour Boutique.
  7207 | D:6      | quinnr: ??lightning scales
  7207 | D:6      | beem: lightning scales[1/2]: +6 barding of running with
                  | rElec.
  7470 | D:6      | Found Jolayqud's Antique Weapon Shoppe.
  7792 | D:6      | Noticed a yak
  7793 | D:6      | Noticed a yak
  7795 | D:6      | Noticed a yak
  8059 | D:6      | Noticed a yak
  8063 | D:6      | Killed a yak
  8171 | D:6      | Killed a yak
  8172 | D:6      | Reached skill level 5 in Dodging
  8172 | D:6      | Reached skill level 5 in Spellcasting
  8352 | D:6      | Killed a yak
  8353 | D:6      | Reached XP level 9. HP: 50/50 MP: 8/17
  8437 | D:6      | Found Guar's Antique Armour Emporium.
  8611 | D:7      | Found a sacrificial altar of Ru.
  8611 | D:7      | Found a shimmering blue altar of Sif Muna.
  8612 | D:7      | Found a blossoming altar of Fedhas.
  8663 | D:7      | Found a staircase to the Ecumenical Temple.
  8687 | Temple   | Entered the Ecumenical Temple
  8721 | Temple   | Became a worshipper of Vehumet
  8984 | D:7      | Reached skill level 12 in Air Magic
  9253 | D:7      | Learned a level 5 spell: Freezing Cloud
  9660 | D:7      | Noticed Pikel
  9663 | D:7      | Killed Pikel
  9664 | D:7      | Reached skill level 13 in Air Magic
  9970 | D:8      | Noticed a hornet
  9974 | D:8      | Killed a hornet
 10446 | D:8      | Found a runed translucent gate.
 10446 | D:8      | Found a runed translucent gate.
 10448 | D:8      | Found a runed translucent gate.
 10451 | D:8      | Noticed indyram44's ghost (novice GnIE)
 10724 | D:8      | Reached skill level 14 in Air Magic
 11304 | D:9      | Found Koamotzi's Antique Armour Shop.
 11352 | D:9      | Found Eklatorph's Magic Scroll Boutique.
 11501 | D:8      | Reached * piety under Vehumet
 11501 | D:8      | Offered knowledge of Magic Dart by Vehumet.
 11953 | D:9      | Reached XP level 10. HP: 56/56 MP: 2/19
 12518 | D:9      | Found a staircase to the Orcish Mines.
 12851 | D:9      | Found Qocaovag's Weapon Shop.
 12861 | D:9      | Noticed a two-headed ogre
 12871 | D:9      | Killed a two-headed ogre
 12998 | D:9      | Found Domocen's Magic Scroll Emporium.
 13056 | D:9      | Found Vorana's Armour Boutique.
 13071 | D:9      | Noticed a +0 short sword
 13072 | D:9      | Noticed a +0 dagger
 13073 | D:9      | Noticed a +0 spear
 13074 | D:9      | Noticed a +0 spear
 13075 | D:9      | Noticed a +0 falchion
 13075 | D:9      | Noticed a +0 short sword
 13076 | D:9      | Noticed a +0 falchion
 13076 | D:9      | Noticed a +0 dagger
 13091 | D:9      | Found a hide-covered altar of Uskayaw.
 13403 | D:9      | Offered knowledge of Freeze by Vehumet.
 13534 | D:9      | Reached ** piety under Vehumet
 14229 | D:10     | Entered Level 10 of the Dungeon
 14258 | Orc:1    | Entered Level 1 of the Orcish Mines
 14537 | D:3      | Bought the +2 ratskin cloak {*Rats rPois rN+ Str-1 Int-1
                  | Dex+1} for 444 gold pieces
 14537 | D:3      | Found the +2 ratskin cloak {*Rats rPois rN+ Str-1 Int-1
                  | Dex+1}
 14734 | D:9      | Bought a scroll of identify for 30 gold pieces
 14770 | D:10     | Noticed Maurice
 14774 | D:10     | Killed Maurice
 14977 | D:10     | Found an opulent altar of Gozag.
 15000 | D:10     | Noticed a two-headed ogre
 15004 | D:10     | Killed a two-headed ogre
 15005 | D:10     | Reached skill level 5 in Fighting
 15433 | D:10     | Reached skill level 15 in Air Magic
 15812 | D:10     | Noticed a kobold demonologist
 15814 | D:10     | Killed a kobold demonologist
 15815 | D:10     | Reached XP level 11. HP: 64/64 MP: 10/22
 16151 | D:10     | Found a staircase to the Lair.
 16463 | D:10     | Found the +5 robe of Night {Dark Will+ SInv}
 16539 | D:10     | Offered knowledge of Poisonous Vapours by Vehumet.
 16566 | D:10     | Learned a level 2 spell: Poisonous Vapours
 17369 | D:11     | Noticed an orc sorcerer
 17369 | D:11     | Noticed a cyclops
 17370 | D:11     | Found a transporter.
 17370 | D:11     | Noticed an ogre mage
 17656 | D:11     | Noticed a six-headed hydra
 17666 | D:11     | Killed a six-headed hydra
 17791 | D:11     | Found a transporter.
 17799 | D:11     | Noticed a cyclops
 17902 | D:11     | Noticed a cyclops
 17907 | D:11     | Killed a cyclops
 18194 | D:11     | Found a runed translucent gate.
 18194 | D:11     | Noticed Phlounder's ghost (adept DjTm)
 18296 | D:11     | Found a runed translucent gate.
 18296 | D:11     | Found a runed translucent gate.
 19180 | Lair:1   | Entered Level 1 of the Lair of Beasts
 19251 | Lair:1   | Reached *** piety under Vehumet
 20092 | Lair:1   | Reached skill level 5 in Conjurations
 20097 | Lair:1   | Reached XP level 12. HP: 70/70 MP: 20/26
 20287 | Lair:1   | Offered knowledge of Sticky Flame by Vehumet.
 20608 | Lair:1   | Noticed a seven-headed hydra
 20614 | Lair:1   | Killed a seven-headed hydra
 20615 | Lair:1   | Reached skill level 10 in Spellcasting
 20615 | Lair:1   | Reached skill level 1 in Poison Magic
 20724 | Lair:1   | Reached skill level 1 in Ice Magic
 21435 | Lair:2   | Found a hole to the Spider Nest.
 21448 | Lair:1   | HP: 6/70 [cane toad (14)]
 22455 | Lair:2   | Reached **** piety under Vehumet
 22456 | Lair:2   | Reached skill level 10 in Dodging
 22456 | Lair:2   | Offered knowledge of Hailstorm by Vehumet.
 23351 | Lair:3   | Reached skill level 16 in Air Magic
 23366 | Lair:3   | Reached XP level 13. HP: 74/74 MP: 3/28
 24314 | Lair:3   | Reached ***** piety under Vehumet
 24314 | Lair:3   | Offered knowledge of Lightning Bolt by Vehumet.
 24321 | Lair:3   | Learned a level 5 spell: Lightning Bolt
 24385 | Lair:3   | Noticed Sonja
 24386 | Lair:3   | Killed Sonja
 24387 | Lair:3   | Reached skill level 17 in Air Magic
 25134 | Lair:3   | Noticed Snorg
 25151 | Lair:3   | Killed Snorg
 25801 | Lair:3   | Noticed Nergalle
 25805 | Lair:3   | Killed Nergalle
 25806 | Lair:3   | Reached skill level 10 in Conjurations
 26547 | Lair:4   | You are sucked into a shaft and drop 2 floors!
 26547 | Lair:6   | Entered Level 6 of the Lair of Beasts
 26547 | Lair:6   | Found a staircase to the Slime Pits.
 26607 | Lair:6   | HP: 1/74 [komodo dragon (20)]
 26612 | Lair:6   | HP: 7/74 [black mamba (6)]
 26615 | Lair:6   | Slain by a black mamba

Illustrated notes

Levels and vault maps discovered:
D:1:      amcnicky_arrival_double_pillar, layout_basic, minmay_crystal_room
D:2:      layout_basic, basic_altar
D:3:      layout_loops_ring, shapermc_ecumenical_altar_acropolis, serial_shops,
          shop, nicolae_square_shop, nicolae_shop_window_shopping,
          nicolae_diamond_shop, uniq_robin, uniq_natasha
D:4:      layout_rooms, mainiacjoe_overflow_paths, lemuel_crystal_altar,
          trog_three_pillars_becter, mainiacjoe_overflow_brackets
D:5:      layout_layer_cave, tso_altar, kennysheep_generic_room_9
D:6:      layout_basic, okawaru_metal_pillars_1_2, serial_shops, shop_coins,
          shop, kennysheep_mini_moat
D:7:      layout_loops_ring, gammafunk_temple_overflow_forgotten,
          minmay_temple_entry_overgrown, uniq_pikel
D:8:      layout_basic, ebering_ghost_rock_garden
D:9:      layout_stronghold, nicolae_uskayaw_en_pointe, zombieorc2_lemuel,
          serial_shops, nicolae_shop_crystal,
          nicolae_shop_temple_entry_statues_fountains, nicolae_shop_waterfront,
          shop_statue, shop
D:10:     layout_irregular_city, grunt_gozag_breadcrumbs, lair_entry_dummy,
          hellmonk_guarded_unrand_night, uniq_maurice
D:11:     gammafunk_beogh_shrine, layout_loops_corners,
          ebering_ghost_rock_garden
Temple:   jpeg_temple_clearing
Lair:1:   layout_regular_city, grunt_forest_small_clearings, beast_lair_carwin_4
Lair:2:   layout_chaotic_city, nicolae_spider_entry_tight_spaces
Lair:3:   layout_roguey, grunt_megastairs_1, uniq_snorg, uniq_sonja,
          uniq_nergalle
Lair:4:   layout_roguey, elwin_shoals_entry_rooms
Lair:6:   cheibrodos_lair_end_hotspot, layout_regular_city,
          minmay_slime_entry_pillars
Orc:1:    layout_caves, serial_shops, nicolae_shop_statue_plus, uniq_erica

Skill      XL: |  1  2  3  4  5  6  7  8  9 10 11 12 13 |
---------------+----------------------------------------+-----
Air Magic      | 5 6 7 8 9 11 14 15 16 17 | 17.1
Spellcasting   | 3 5 7 9 10 | 10.0
Fighting       | 1 3 5 6 |  6.0
Dodging        | 5 7 9 10 | 10.0
Conjurations   | 5 7 10 | 10.7
Poison Magic   | 4 |  4.0
Ice Magic      | 4 |  4.0
Stealth        | |  2.0

Action                   |  1- 3 |  4- 6 |  7- 9 | 10-12 | 13-15 || total
-------------------------+-------+-------+-------+-------+-------++-------
Melee: Unarmed           |    16 |       |       |       |       ||    16
       Kick              |     4 |     2 |     7 |    23 |     1 ||    37
       Rapier            |       |    10 |    18 |       |       ||    28
       Peck              |       |     2 |     4 |     9 |     2 ||    17
       Hand axe          |       |       |    10 |    11 |       ||    21
       Dagger            |       |       |       |    62 |     3 ||    65
       Staff             |       |       |       |     2 |     7 ||     9
 Cast: Shock             |    89 |   111 |    61 |   102 |    10 ||   373
       Airstrike         |       |     6 |    92 |   227 |    53 ||   378
       Poisonous Vapours |       |       |       |     9 |     3 ||    12
       Freezing Cloud    |       |       |       |    33 |     5 ||    38
       Lightning Bolt    |       |       |       |       |    29 ||    29
Evoke: Wand              |       |       |       |     1 |     1 ||     2
  Use: Scroll            |       |     3 |     7 |     9 |     2 ||    21
       Potion            |       |       |       |     2 |     2 ||     4
 Stab: Sleeping          |       |     1 |       |       |       ||     1
Armor: Robe              |     7 |     3 |     5 |    46 |    11 ||    72
Dodge: Dodged            |    19 |    22 |    34 |   149 |   101 ||   325

Table legend: (Time is in decaauts)
 A = Elapsed time spent in this place.
 B = Non-inter-level travel time spent in this place.
 C = Inter-level travel time spent in this place.
 D = Time resting spent in this place.
 E = Time spent auto-exploring this place.
 F = Levels seen in this place.
 G = Mean time per level.
                   A        B        C        D        E       F      G
               +--------+--------+--------+--------+--------+-----+--------+
         Total |  25558 |  24268 |   1290 |   7353 |  13860 |  18 | 1419.9 |
       Dungeon |  18487 |  17486 |   1001 |   4804 |  10567 |  11 | 1680.6 |
        Temple |    108 |     87 |     21 |      0 |     84 |   1 |  108.0 |
          Lair |   6935 |   6669 |    266 |   2548 |   3208 |   5 | 1387.0 |
  Orcish Mines |     27 |     27 |      0 |      0 |      0 |   1 |   27.0 |
               +--------+--------+--------+--------+--------+-----+--------+

Top non-repeatable levels by time:
     D:9: 2873 daAuts
  Lair:1: 2649 daAuts
  Lair:2: 2565 daAuts
    D:10: 2138 daAuts
    D:11: 2118 daAuts
     D:5: 1972 daAuts
     D:6: 1581 daAuts
     D:8: 1505 daAuts
  Lair:3: 1451 daAuts
     D:2: 1449 daAuts
     D:3: 1448 daAuts
     D:7: 1283 daAuts
     D:1: 1153 daAuts
     D:4: 962 daAuts
  Lair:4: 207 daAuts
